 Dungeon Crawl Stone Soup version 0.23-a0-446-g036aa52 (webtiles) character file.

74 kidcy the Slasher (level 4, 0/34 HPs)
             Began as a Demonspawn Gladiator on Nov 18, 2018.
             Killed by divine providence
             ... invoked by an orc priest
              (14 damage)
             ... on level 3 of the Dungeon.
             The game lasted 00:03:14 (1854 turns).

kidcy the Slasher (Demonspawn Gladiator)            Turns: 1854, Time: 00:03:15

Health: 0/34       AC: 18    Str: 14    XL:     4   Next: 9%
Magic:  4/4        EV: 12    Int:  9    God:
Gold:   102        SH:  3    Dex: 16    Spells: 3/3 levels left

rFire    . . .     SeeInvis .   a - +0 long sword
rCold    . . .     Gourm    .   (no shield)
rNeg     . . .     Faith    .   l - +0 ring mail
rPois    .         Spirit   .   (helmet restricted)
rElec    .         Reflect  +   (no cloak)
rCorr    .         Harm     .   s - +0 pair of gloves
MR       .....                  (no boots)
Stlth    +.........             b - +3 amulet of reflection
HPRegen  0.11/turn              i - +3 ring of protection
MPRegen  0.09/turn              (no ring)

@: sanguine armour
A: antennae 1, sanguine armour 2
a: no special abilities


You were on level 3 of the Dungeon.
You were very hungry.

You visited 1 branch of the dungeon, and saw 3 of its levels.

You collected 102 gold pieces.

Inventory:

Hand Weapons
 a - a +0 long sword (weapon)
Missiles
 d - 3 throwing nets (quivered)
Armour
 l - a +0 ring mail (worn)
 m - a +1 helmet
 s - a +0 pair of gloves (worn)
Jewellery
 b - a +3 amulet of reflection (around neck)
 i - a +3 ring of protection (left hand)
Scrolls
 c - 2 scrolls of teleportation {unknown}
 g - 2 scrolls of fear {unknown}
 k - a scroll of enchant weapon {unknown}
 n - a scroll of identify {unknown}
 o - 2 scrolls of remove curse {unknown}
 p - a scroll of noise {unknown}
 q - a scroll of blinking {unknown}
Potions
 e - 3 potions of curing {unknown}
 h - 3 potions of brilliance {unknown}
 j - 2 potions of berserk rage {unknown}
 r - a potion of haste {unknown}
Comestibles
 f - 4 rations


   Skills:
 + Level 2.7 Fighting
 * Level 3.7 Long Blades
 - Level 1.7 Throwing
 + Level 1.4 Armour
 - Level 2.6 Dodging


You had 3 spell levels left.
You didn't know any spells.
Your spell library was empty.

Dungeon Overview and Level Annotations

Branches:
Dungeon (3/15)

Altars:


Innate Abilities, Weirdness & Mutations

You have a pair of small antennae on your head.
When seriously injured, your bleeding wounds create thick armour. (AC +9)


Message History

No target in view!
Unknown command.
You see here 19 poisoned needles.
Found a club.
Found a stone staircase leading down.
The orc shouts!
The orc priest shouts!
The orc shouts!
Unknown command.
The orc priest mumbles some strange prayers to Beogh against you.
Pain shoots through your body!
Your blood congeals into armour.
Unknown command.
You are too injured to fight recklessly!
Unknown command.
The orc priest invokes the aid of Beogh against you.
Beogh smites you!
* * * LOW HITPOINT WARNING * * *
You see here 19 poisoned needles.
The orc priest looks satisfied for a moment.
The orc priest calls down the wrath of Beogh upon you.
Beogh smites you!
You die...

........# #........
.......o###........
.....o.>...........
........#.#........
........#.o........
##########.........
................
###########..#####
#..@o.o.(.o...#
#.#########.#.# #.#
#.#.# #.# #....
######+###.# #..#.#
........##.# #... .
[..........#
..).#.#
.........### ....#
.........# #..


You could see an orc priest and 2 orcs.

Vanquished Creatures
  2 adders (D:2)
  A worm (D:2)
  A leopard gecko (D:2)
  5 bats
  3 giant cockroaches
  6 goblins
  3 hobgoblins
  8 jackals (D:1)
  11 kobolds
  A quokka (D:2)
  A ball python (D:3)
  2 frilled lizards (D:1)
  3 rats
47 creatures vanquished.

Notes
Turn   | Place    | Note
-------+----------+-------------------------------------------
     0 | D:1      | kidcy the Demonspawn Gladiator began the quest for the Orb.
     0 | D:1      | Reached XP level 1. HP: 16/16 MP: 1/1
   152 | D:1      | Reached skill level 3 in Long Blades
   152 | D:1      | Gained mutation: When seriously injured, your bleeding
                  | wounds create armour. (AC +9) [demonic ancestry]
   152 | D:1      | Reached XP level 2. HP: 10/22 MP: 2/2
   466 | D:1      | Reached skill level 1 in Armour
   531 | D:1      | Gained mutation: When seriously injured, your bleeding
                  | wounds create thick armour. (AC +9) [demonic ancestry]
   531 | D:1      | Reached XP level 3. HP: 28/28 MP: 3/3
  1489 | D:2      | Gained mutation: You have a pair of small antennae on your
                  | head. [demonic ancestry]
  1489 | D:2      | Reached XP level 4. HP: 30/34 MP: 4/4
  1854 | D:3      | Killed from afar by an orc priest

Vault maps used:
D:1:      dpeg_cavernosity, moated_statue
D:2:      minmay_misc_feat_doors
D:3:      lemuel_coloured_pillars_altar, uniq_natasha

Skill      XL: |  1  2 |
---------------+-------+-----
Long Blades    | 3 |  3.7
Armour         | 1 |  1.4
Fighting       | |  2.7
Throwing       | |  1.7
Dodging        | |  2.6

Action                   |  1- 3 |  4- 6 || total
-------------------------+-------+-------++-------
Melee: Long sword        |   116 |     7 ||   123
  Eat: Chunk             |     2 |       ||     2
Armor: Leather armour    |    17 |       ||    17
       Ring mail         |    45 |     1 ||    46
Dodge: Dodged            |    73 |     6 ||    79
Block: Other             |     8 |     1 ||     9
       Reflection        |     1 |       ||     1
       Rpst.: Long sword |    22 |     2 ||    24

Table legend:
 A = Non-vault XP
 B = Vault XP
 C = Vault XP percentage of total XP
 D = Non-vault monster count
 E = Vault monster count
 F = Vault count percentage of total count
                 A         B        C        D         E       F
            +---------+---------+-------+---------+---------+-------
      Total |      99 |       7 |   6.6 |      43 |       4 |   8.5
            +---------+---------+-------+---------+---------+-------
        D:1 |      45 |       7 |  13.5 |      27 |       4 |  12.9
        D:2 |      53 |       0 |   0.0 |      15 |       0 |   0.0
        D:3 |       1 |       0 |   0.0 |       1 |       0 |   0.0
            +---------+---------+-------+---------+---------+-------
